 Dungeon Crawl Stone Soup version 0.27-a0-1359-ga2a4dfd6fd (webtiles) character file.

Game seed: 3544544889667854425

26841 ABBCCCDDDD the Nimble (level 13, -4/93 HPs)
             Began as a Djinni Fire Elementalist on June 28, 2021.
             Was an Initiate of Gozag.
             Slain by a death yak (27 damage)
             ... on level 3 of the Lair of Beasts.
             The game lasted 01:04:43 (26033 turns).

ABBCCCDDDD the Nimble (Djinni Fire Elementalist)   Turns: 26033, Time: 01:04:47

Health: -4/93      AC:  5    Str:  7    XL:     13   Next: 61%
Gold:   1160       EV: 22    Int: 21    God:    Gozag SH:  6 Dex: 19

rFire    + . .     SeeInvis .   s - +10 zealot's sword {holy, *Rage rN+ EV+3}
rCold    x . .     Faith    .   v - +0 buckler
rNeg     + + +     Spirit   .   a - +0 robe
rPois    ∞         Reflect  .   (no helmet)
rElec    .         Harm     .   I - +2 cloak {Will+}
rCorr    .         Rampage  .   (no gloves)
Will     ++...     Rnd*Rage +   (boots unavailable)
Stlth    ++........             (no amulet)
HPRegen  0.25/turn              i - ring of wizardry
MPRegen  0.00/turn              E - ring of Xus Viug {+Blink rF- rN++ MP+9 Dex+4}

@: flying
A: sickness immunity, fire resistance 2, cold vulnerability 1, float, innate
caster, hp casting, extra vitality 1
a: Renounce Religion, Evoke Blink, Potion Petition, Call Merchant, Bribe Branch


You were on level 3 of the Lair of Beasts.
You worshipped Gozag.
Gozag was most pleased with you.
You visited 3 branches of the dungeon, and saw 15 of its levels.

You collected 2721 gold pieces.
You spent 674 gold pieces at shops.
You paid 887 gold pieces to Gozag.

Inventory:

Hand Weapons
 e - the +8 falchion of Cobwebs {elec, +Rage rPois Str+3 Dex-4}
   (You found it on level 10 of the Dungeon)

   Occasionally, upon striking a foe, it can discharge electrical energy and
   cause terrible harm.
   Str:       It affects your strength (+3).
   Dex:       It affects your dexterity (-4).
   rPois:     It protects you from poison.
   +Rage:     It lets you go berserk.
 m - a +1 spear of freezing
 s - the +10 zealot's sword (weapon) {holy, *Rage rN+ EV+3}
   (You found it on level 5 of the Dungeon)

   It has been blessed by the Shining One to cause great damage to the undead
   and demons.
   EV:        It affects your evasion (+3).
   rN:        It protects you from negative energy.
   *Rage:     It may make you go berserk in combat.
 M - the +9 dagger of Kyedghaw {flame, Fly Stlth+}
   (You found it on level 9 of the Dungeon)

   It has been specially enchanted to burn those struck by it, causing extra
   injury to most foes and up to half again as much damage against particularly
   susceptible opponents.
   Fly:       It grants you flight.
   Stlth:     It makes you more stealthy.
Missiles
 z - 8 curare-tipped darts
 A - 2 throwing nets
Armour
 a - a +0 robe (worn)
 v - a +0 buckler (worn)
 I - a +2 cloak of willpower (worn)
 L - a +0 ring mail of positive energy
 P - a +2 scale mail of fire resistance
Jewellery
 i - a ring of wizardry (left hand)
 E - the ring of Xus Viug (right hand) {+Blink rF- rN++ MP+9 Dex+4}
   (You bought it in a shop on level 1 of the Lair of Beasts)

   [ring of magical power]

   Dex:       It affects your dexterity (+4).
   rF:        It makes you vulnerable to fire.
   rN:        It greatly protects you from negative energy.
   MP:        It affects your magic capacity (+9).
   +Blink:    It lets you blink.
Wands
 c - a wand of iceblast (9)
 p - a wand of flame (34)
 w - a wand of digging (6)
 R - a wand of polymorph (9)
Scrolls
 b - 2 scrolls of immolation
 f - a scroll of blinking
 g - 7 scrolls of teleportation
 h - 2 scrolls of fog {unknown}
 j - 5 scrolls of vulnerability
 l - 2 scrolls of enchant armour {unknown}
 r - 2 scrolls of fear
 t - a scroll of magic mapping
 x - 2 scrolls of noise {unknown}
 y - a scroll of enchant weapon
 C - a scroll of torment
 O - a scroll of holy word
 Q - a scroll of summoning
Potions
 d - a potion of heal wounds
 k - 3 potions of might
 n - 6 potions of curing
 o - 2 potions of lignification
 q - 2 potions of brilliance {unknown}
 u - 3 potions of degeneration {unknown}
 B - 2 potions of invisibility
 D - 2 potions of ambrosia {unknown}
 F - 3 potions of cancellation {unknown}
 G - a potion of berserk rage
 H - a potion of resistance
 J - a potion of magic {unknown}
 K - a potion of attraction {unknown}
 S - 2 potions of haste {unknown}
Miscellaneous
 N - a condenser vane (inert)


   Skills:
 + Level 8.6 Fighting
 - Level 5.0 Long Blades
 + Level 2.8 Armour
 + Level 10.8 Dodging
 - Level 1.5 Stealth
 - Level 4.0 Shields
 - Level 10.5 Spellcasting
 - Level 10.0 Evocations


You couldn't memorise any spells.
You knew the following spells:

 Your Spells              Type           Power      Damage    Failure   Level
a - Foxfire               Conj/Fire      100%       2x1d9     1%          1
b - Conjure Flame         Conj/Fire      53%        6-21      1%          3
c - Inner Flame           Hex/Fire       53%        N/A       1%          3
d - Sticky Flame          Conj/Fire      53%        2d7       1%          4
e - Fireball              Conj/Fire      26%        3d12      1%          5
f - Beastly Appendage     Tmut           100%       N/A       1%          1
g - Passwall              Tmut/Erth      44%        N/A       1%          2
h - Teleport Other        Tloc           53%        N/A       1%          3
i - Ozocubu's Armour      Ice            53%        N/A       1%          3
j - Iskenderun's Battles  Conj           53%        2d10      1%          5
k - Blade Hands           Tmut           26%        N/A       1%          5
Your spell library was empty.

Dungeon Overview and Level Annotations

Branches:
Dungeon (10/15)            Temple (1/1) D:5            Lair (4/6) D:9
 Shoals (0/4) Lair:2       Spider (0/4) Lair:2          Orc (0/2) D:10

Altars:
Ashenzari
Cheibriados
Dithmenos
Elyvilon
Fedhas
Gozag
Hepliaklqana
Kikubaaqudgha
Makhleb
Nemelex Xobeh
Okawaru
Qazlal
Ru
Sif Muna
Trog
Uskayaw
Vehumet
Wu Jian
Xom
Yredelemnul
Zin
The Shining One

Shops:
D:1 *   D:4 =   Lair:1 =


Innate Abilities, Weirdness & Mutations

You are immune to sickness and miasma.
You are immune to poison.
Your flesh is very heat resistant. (rF++)
You are vulnerable to cold. (rC-)
You float through the air rather than walking.
You learn spells naturally, not from books.
Your magical power is your life essence.
You have superior vitality. (+4 HP)


Message History

Casting: Fireball (dangerous; 1% risk of failure)
Confirm with . or Enter, or press ? or * to list all spells.
Aiming: Fireball (dangerous; 1% risk of failure)
Press: ? - help, Shift-Dir - straight line, f/p - death yak
Aim: a death yak (heavily wounded)
The fireball explodes!
The fireball engulfs the death yak!!
The death yak is severely wounded.
* * * LOW HITPOINT WARNING * * *
Casting: Fireball (dangerous; 1% risk of failure)
Confirm with . or Enter, or press ? or * to list all spells.
Aiming: Fireball (dangerous; 1% risk of failure)
Press: ? - help, Shift-Dir - straight line, f/p - death yak
Aim: a death yak (severely wounded)
The fireball explodes!
The fireball engulfs the death yak but does no damage.
The death yak is severely wounded.
* * * LOW HITPOINT WARNING * * *
Casting: Fireball (dangerous; 1% risk of failure)
Confirm with . or Enter, or press ? or * to list all spells.
Aiming: Fireball (dangerous; 1% risk of failure)
Press: ? - help, Shift-Dir - straight line, f/p - death yak
Aim: a death yak (flame, severely wounded)
The fireball explodes!
The fireball engulfs the death yak!!
The death yak is almost dead.
The fireball engulfs the fungus!
The fungus begins to die.
The fungus is lightly damaged.
* * * LOW HITPOINT WARNING * * *
The death yak is engulfed in blazing flames.
Okay, then.
You feel much better. The death yak gores you!
Casting: Fireball (dangerous; 1% risk of failure)
Confirm with . or Enter, or press ? or * to list all spells.
Aiming: Fireball (dangerous; 1% risk of failure)
Press: ? - help, Shift-Dir - straight line, p - death yak The fireball explodes!
The fireball engulfs the death yak.
The death yak is almost dead.
* * * LOW HITPOINT WARNING * * *
The death yak gores you!!
You die...
Your body crumbles into a pile of gold.

...P...###.........#...##.#.....#
#.....###..............#..#...#..
#########...#.............#......
##.#####...#..P..##....###.......
.................#.#..........#.#
......##}..#.#...###............#
...........####..###...#..P######
............##.>.#....(##### ####
......##.....§.Y@.......## #.#.
....P.###..#.#PP.........# ##..
.......##[.###.P.........# ##.
....:...................## ##.
.............^.......).## ##..
..................#...## #...
........Y.##.#....##.## ### ##..
.....P.....#####..#### #.######.
.#.###...$.## #...## ##.....#..


You could see a death yak.

Vanquished Creatures
  Josephine (Lair:4)
  A hydra (Lair:1)
  Erolcha (D:9)
  Erica (Lair:2)
  2 two-headed ogres
  A centaur warrior (D:10)
  3 death yaks
  7 elephants
  5 black mambas
  6 cane toads
  Maggie (D:7)
  3 komodo dragons
  3 rime drakes
  4 jumping spiders (Lair:2)
  6 blink frogs (Lair:1)
  Sigmund (D:2)
  A redback (Lair:2)
  2 wyverns
  4 wraiths
  17 yaks
  4 basilisks
  An acid dragon (D:8)
  6 water moccasins
  6 orc warriors
  6 black bears
  A hornet zombie (D:9)
  2 sky beasts (D:6)
  16 wolves
  9 centaurs
  A phantom (D:7)
  3 kobold brigands
  3 bullfrogs
  2 gnoll sergeants
  3 scorpions
  A jelly (D:4)
  2 water moccasin skeletons
  12 killer bees
  4 wights (D:9)
  2 howler monkeys (D:10)
  A bullfrog zombie (D:7)
  Crazy Yiuf (D:2)
  6 orc priests
  A bullfrog skeleton (D:5)
  A centaur skeleton (D:6)
  Jessica (D:3)
  2 iguanas
  Terence (D:2)
  6 orc wizards
  A hound skeleton (D:5)
  A howler monkey zombie (D:8)
  13 gnolls
  2 howler monkey skeletons (D:7)
  8 adders
  3 white imps
  An ufetubus (D:6)
  3 worms
  3 dart slugs
  46 orcs
  11 endoplasms
  A giant cockroach (D:1)
  6 goblins
  9 hobgoblins
  4 jackals
  22 kobolds
  2 quokkas (D:2)
  5 ball pythons
  5 bats
  3 frilled lizards
  3 rats
326 creatures vanquished.

Vanquished Creatures (others)
  724 foxfires
  26 fungi
  21 plants
771 creatures vanquished.

Grand Total: 1097 creatures vanquished

Notes
Turn   | Place    | Note
-------+----------+-------------------------------------------
     0 | D:1      | ABBCCCDDDD the Djinni Fire Elementalist began the quest for
                  | the Orb.
     0 | D:1      | Reached XP level 1. HP: 15/15 MP: 0/0
   843 | D:1      | Reached XP level 2. HP: 20/22 MP: 0/0
  1200 | D:1      | Reached skill level 1 in Fighting
  1337 | D:1      | Found Liceonaq's Assorted Antiques.
  1742 | D:2      | Reached XP level 3. HP: 24/27 MP: 0/0
  1742 | D:2      | Learned a level 1 spell: Beastly Appendage
  1919 | D:2      | Noticed Sigmund
  2840 | D:2      | Reached XP level 4. HP: 24/32 MP: 0/0
  3501 | D:2      | Noticed Terence
  3851 | D:3      | Found a sparkling altar of Nemelex Xobeh.
  3911 | D:3      | Noticed Jessica
  3915 | D:3      | Killed Jessica
  3916 | D:3      | Reached XP level 5. HP: 37/39 MP: 0/0
  3916 | D:3      | Learned a level 2 spell: Passwall
  4175 | D:3      | Found a faded altar of an unknown god.
  4391 | D:3      | Noticed a kobold brigand
  4423 | D:3      | Killed a kobold brigand
  4424 | D:3      | Reached XP level 6. HP: 25/45 MP: 0/0
  4618 | D:2      | Found a runed translucent door.
  4619 | D:2      | Noticed Crazy Yiuf
  4749 | D:2      | Killed Terence
  5438 | D:4      | Found Qut Teu's Jewellery Emporium.
  5519 | D:4      | Reached XP level 7. HP: 48/50 MP: 0/0
  5519 | D:4      | Learned a level 3 spell: Teleport Other
  5596 | D:1      | Bought a sapphire potion for 23 gold pieces
  5596 | D:1      | Bought a scroll labelled HIUCWU TECZE for 26 gold pieces
  5596 | D:1      | Bought a scroll labelled HIUCWU TECZE for 26 gold pieces
  5596 | D:1      | Bought a murky emerald potion for 23 gold pieces
  5596 | D:1      | Bought a scroll labelled SEOSOEDGH ZIGG for 26 gold pieces
  5804 | D:4      | Reached skill level 5 in Spellcasting
  5912 | D:4      | Found a broken altar of Ashenzari.
  6366 | D:4      | You are sucked into a shaft and drop 1 floor!
  6366 | D:5      | Entered Level 5 of the Dungeon
  6508 | D:5      | Found a glowing silver altar of Zin.
  6853 | D:5      | Found the +10 zealot's sword {holy, *Rage rN+ EV+3}
  6864 | D:5      | Found a stormy altar of Qazlal.
  6938 | D:5      | Found a staircase to the Ecumenical Temple.
  6947 | Temple   | Entered the Ecumenical Temple
  7244 | Temple   | Became a worshipper of Gozag Ym Sagoz the Greedy
  7650 | D:5      | Found an ornate altar of the Wu Jian Council.
  7876 | D:6      | Reached XP level 8. HP: 51/58 MP: 0/0
  7918 | D:6      | Found a shadowy altar of Dithmenos.
  8185 | D:6      | Reached skill level 5 in Fighting
 10143 | D:6      | Reached skill level 1 in Shields
 10256 | D:6      | Reached XP level 9. HP: 63/65 MP: 0/0
 10256 | D:6      | Learned a level 3 spell: Ozocubu's Armour
 10423 | D:6      | Found a bloodstained altar of Trog.
 10778 | D:7      | Found a white marble altar of Elyvilon.
 10969 | D:7      | Noticed Maggie
 12675 | D:8      | Reached skill level 5 in Dodging
 12827 | D:8      | Reached XP level 10. HP: 20/70 MP: 0/0
 13129 | D:8      | Found a glowing golden altar of the Shining One.
 13177 | D:8      | Found a hide-covered altar of Uskayaw.
 13597 | D:7      | Noticed a cyclops
 13903 | D:2      | Killed Sigmund
 13904 | D:2      | Reached skill level 1 in Evocations
 14265 | D:2      | Killed Crazy Yiuf
 14266 | D:2      | Reached skill level 1 in Long Blades
 14590 | D:7      | Killed Maggie
 15173 | D:9      | Noticed Erolcha
 15296 | D:9      | Killed Erolcha
 15541 | D:9      | Found a blossoming altar of Fedhas.
 15555 | D:9      | Found a hazy altar of Hepliaklqana.
 15835 | D:9      | Found a staircase to the Lair.
 16266 | D:9      | Reached XP level 11. HP: 61/76 MP: 0/0
 16266 | D:9      | Learned a level 5 spell: Iskenderun's Battlesphere
 16412 | D:9      | Identified the +9 dagger of Kyedghaw {flame, Fly Stlth+}
 16708 | D:10     | Entered Level 10 of the Dungeon
 16713 | D:10     | Noticed a two-headed ogre
 16916 | Lair:1   | Entered Level 1 of the Lair of Beasts
 17450 | Lair:1   | Noticed a six-headed hydra
 17459 | Lair:1   | Killed a six-headed hydra
 18053 | D:10     | Identified the +8 falchion of Cobwebs {elec, +Rage rPois
                  | Str+3 Dex-4}
 18068 | D:10     | Reached skill level 10 in Spellcasting
 18406 | D:10     | Reached skill level 5 in Evocations
 18426 | D:10     | Noticed a two-headed ogre
 18458 | D:10     | Killed a two-headed ogre
 19217 | D:10     | Noticed a centaur warrior
 19224 | D:10     | Killed a centaur warrior
 19225 | D:10     | Reached XP level 12. HP: 17/81 MP: 0/0
 19635 | D:10     | Reached skill level 5 in Long Blades
 19773 | D:10     | Found a staircase to the Orcish Mines.
 20133 | D:9      | Killed a two-headed ogre
 21270 | Lair:1   | Bought the ring of Xus Viug {+Blink rF- rN++ MP+9 Dex+4}
                  | for 550 gold pieces
 21282 | Lair:2   | You are sucked into a shaft and drop 1 floor!
 21827 | Lair:2   | Noticed Erica
 21834 | Lair:2   | Killed Erica
 22828 | Lair:2   | Found a staircase to the Shoals.
 23075 | Lair:2   | Found a hole to the Spider Nest.
 23394 | Lair:2   | Reached XP level 13. HP: 75/90 MP: 0/0
 23394 | Lair:2   | Learned a level 5 spell: Blade Hands
 24122 | Lair:3   | Reached skill level 10 in Dodging
 25418 | Lair:4   | Reached skill level 1 in Armour
 25419 | Lair:4   | Noticed a six-headed hydra
 25420 | Lair:4   | Noticed Josephine
 25708 | Lair:4   | Reached skill level 10 in Evocations
 25709 | Lair:4   | Killed Josephine
 26033 | Lair:3   | Slain by a death yak

Illustrated notes

Levels and vault maps discovered:
D:1:      minmay_arrival_four_houses, layout_loops_ring, serial_shops,
          nicolae_shop_waterfront, roderic_lattice_a
D:2:      layout_loops_ring, minmay_goblin_kobold_house,
          uniq_crazy_yiuf_cottage, uniq_terence, uniq_sigmund
D:3:      cheibrodos_thug_alley, layout_basic, amcnicky_altar_gilded,
          shapermc_ecumenical_altar_venn, uniq_jessica
D:4:      layout_loops_ring, evilmike_ruin_ashenzari, serial_shops, shop
D:5:      layout_basic, lemuel_coloured_pillars_altar,
          nicolae_qazlal_general_emergency, overflow_temple_1_default,
          minmay_temple_entry_junction_2
D:6:      layout_basic, overflow_temple_1_default,
          nicolae_dithmenos_through_a_glass_darkly, trog_ov_bears_minmay
D:7:      layout_loops_ring, elyvilon_altar_1, uniq_maggie
D:8:      layout_rooms, nicolae_uskayaw_dance_studio, kennysheep_mini_moat
D:9:      layout_small_grid, amethyst_overflow_temple_binary,
          david_lair_generic, uniq_erolcha
D:10:     layout_irregular_city, hiddenorc1_lemuel, minmay_microvault
Temple:   compressed_dpeg_triangle_lava_temple
Lair:1:   layout_layer_cave
Lair:2:   layout_layer_cave, shoals_dummy_entry, spider_nest_entry_funnel_web,
          grunt_megastairs_5, uniq_erica
Lair:3:   layout_gridlike, cheibrodos_lair_reptile_den
Lair:4:   layout_misc_corridors, enter_volcano_2, gammafunk_ghost_ooze,
          grunt_megastairs_3, infiniplex_staircase_pool_2, uniq_josephine

Skill      XL: |  1  2  3  4  5  6  7  8  9 10 11 12 13 |
---------------+----------------------------------------+-----
Fighting       | 1 2 3 4 5 7 8 |  8.6
Spellcasting   | 3 4 5 6 8 9 10 | 10.5
Shields        | 1 4 |  4.0
Dodging        | 3 5 6 8 9 10 | 10.8
Evocations     | 3 5 8 10 | 10.0
Long Blades    | 3 4 5 |  5.0
Armour         | 2 |  2.8
Stealth        | |  1.5

Action                   |  1- 3 |  4- 6 |  7- 9 | 10-12 | 13-15 || total
-------------------------+-------+-------+-------+-------+-------++-------
Melee: Dagger            |     3 |    12 |     9 |       |       ||    24
       Eudemon blade     |       |       |    35 |    19 |     2 ||    56
 Cast: Foxfire           |    73 |   104 |   247 |    31 |     1 ||   456
       Conjure Flame     |       |     3 |    20 |     8 |     2 ||    33
       Passwall          |       |     1 |       |       |       ||     1
       Ozocubu's Armour  |       |       |     1 |     4 |     1 ||     6
       Fireball          |       |       |       |   176 |    63 ||   239
       Iskenderun's Batt |       |       |       |    23 |     8 ||    31
Invok: Call Merchant     |       |       |       |     1 |       ||     1
 Abil: Evoke Blink       |       |       |       |       |     3 ||     3
Evoke: Wand              |       |       |       |     1 |       ||     1
       Condenser vane    |       |       |       |       |     1 ||     1
  Use: Scroll            |       |       |    11 |     6 |     4 ||    21
       Potion            |       |       |       |     1 |     1 ||     2
 Stab: Sleeping          |     1 |       |       |       |     1 ||     2
Armor: Robe              |    13 |     3 |    14 |     6 |     1 ||    37
Dodge: Dodged            |    36 |    42 |   129 |    39 |    14 ||   260
Block: Buckler           |       |       |     9 |    10 |     7 ||    26
       Rpst.: Eudemon blade |       |       |    24 |    10 |     5 ||    39

Table legend: (Time is in decaauts)
 A = Elapsed time spent in this place.
 B = Non-inter-level travel time spent in this place.
 C = Inter-level travel time spent in this place.
 D = Time resting spent in this place.
 E = Time spent auto-exploring this place.
 F = Levels seen in this place.
 G = Mean time per level.
                   A        B        C        D        E       F      G
               +--------+--------+--------+--------+--------+-----+--------+
         Total |  26108 |  24323 |   1785 |  10511 |   9788 |  15 | 1740.5 |
       Dungeon |  18907 |  17449 |   1458 |   7402 |   6855 |  10 | 1890.7 |
        Temple |    312 |    257 |     55 |      0 |    255 |   1 |  312.0 |
          Lair |   6887 |   6615 |    272 |   3109 |   2678 |   4 | 1721.8 |
               +--------+--------+--------+--------+--------+-----+--------+

Top non-repeatable levels by time:
  Lair:2: 2822 daAuts
     D:1: 2556 daAuts
     D:2: 2274 daAuts
     D:5: 2167 daAuts
  Lair:1: 2158 daAuts
     D:8: 2051 daAuts
     D:9: 1930 daAuts
    D:10: 1908 daAuts
     D:6: 1890 daAuts
  Lair:3: 1859 daAuts
     D:7: 1792 daAuts
     D:3: 1265 daAuts
     D:4: 1070 daAuts
  Temple: 312 daAuts
  Lair:4: 47 daAuts
